 Dungeon Crawl Stone Soup version 0.24-a0-581-gc0fa6600bf (webtiles) character file.

Game seed: 2784568064639828862

10207 MordorOrchid the Digger (level 11, -3/150 HPs)
             Began as a Troll Earth Elementalist on Aug 25, 2019.
             Was a Follower of Ashenzari.
             Slain by an unseen horror (10 damage)
             ... on level 10 of the Dungeon.
             The game lasted 00:49:47 (8257 turns).

MordorOrchid the Digger (Troll Earth Elementalist)  Turns: 8257, Time: 00:49:48

Health: -3/150     AC:  8    Str: 23    XL:     11   Next: 33%
Magic:  17/17      EV: 12    Int: 14    God:    Ashenzari [*.....]
Gold:   747        SH:  0    Dex: 10    Spells: 4/19 levels left

rFire    . . .     SeeInvis .     - Unarmed
rCold    . . .     Gourm    +   (no shield)
rNeg     + . .     Faith    .   c - +0 robe
rPois    .         Spirit   .   (helmet restricted)
rElec    .         Reflect  .   f - +1 cloak
rCorr    .         Harm     .   (gloves unavailable)
MR       .....                  (boots unavailable)
Stlth    ..........             v - amulet of rage
HPRegen  0.75/turn              E - ring of positive energy
MPRegen  0.15/turn              (no ring)

@: berserking, lethally poisoned (-3 -> -4), very quick
A: large, unfitting armour, claws 3, fast metabolism 3, gourmand, regeneration
1, shaggy fur 1, tough skin 3
a: Curse Item, Scrying, Renounce Religion, Evoke Berserk Rage


You were on level 10 of the Dungeon.
You worshipped Ashenzari.
Ashenzari was aware of your devotion.
You were hungry.

You visited 1 branch of the dungeon, and saw 10 of its levels.
You also visited: Sewer.

You collected 747 gold pieces.

Inventory:

Hand Weapons
 j - a +0 hunting sling
 q - a +2 flail of venom
 C - a +2 whip of flaming
 N - a +3 quarterstaff of chaos
 P - a +1 arbalest of freezing
Missiles
 b - 144 stones
 e - 226 arrows
 i - 8 poisoned darts (quivered)
 o - 85 bolts
 r - 94 sling bullets
 y - 12 boomerangs
 M - a throwing net
 U - 4 large rocks
Armour
 a - a scarf of spirit shield
 c - a +0 robe (worn)
 f - a +1 cloak (worn)
 R - a scarf of repulsion
 T - a +0 troll leather armour
Jewellery
 v - an amulet of rage (around neck)
 w - an uncursed amulet of regeneration
 E - a ring of positive energy (left claw)
Wands
 p - a wand of iceblast (6)
 t - a wand of acid (9)
 B - a wand of clouds (7)
 O - a wand of flame (29)
 S - a wand of digging (6)
Scrolls
 g - 4 scrolls of remove curse
 h - 2 scrolls of enchant armour
 l - 4 scrolls of teleportation
 u - a scroll of noise {unknown}
 x - 4 scrolls of magic mapping
 F - a scroll of fear
 G - 2 scrolls of fog {unknown}
 K - a scroll of blinking {unknown}
 L - a scroll of amnesia {unknown}
 V - a scroll of torment {unknown}
Potions
 k - 2 potions of heal wounds
 m - a potion of agility
 n - 2 potions of curing
 s - 2 potions of lignification
 z - a potion of mutation
 A - a potion of haste
 D - a potion of resistance {unknown}
 H - 3 potions of magic
 I - 2 potions of might
 J - a potion of brilliance
 Q - a potion of cancellation
 W - a potion of berserk rage
 X - a potion of invisibility
Comestibles
 d - 22 rations


   Skills:
 - Level 4.0 Fighting
 - Level 4.1 Throwing
 * Level 2.5 Armour
 - Level 6.4 Dodging
 - Level 1.0 Stealth
 - Level 7.0 Unarmed Combat
 * Level 4.9 Spellcasting
 - Level 2.2 Conjurations
 - Level 3.0 Transmutations
 * Level 7.1 Earth Magic
 * Level 3.3 Evocations


You had 4 spell levels left.
You knew the following spells:

 Your Spells              Type           Power        Failure   Level  Hunger
a - Sandblast             Erth           ###...       1%          1    None
b - Petrify               Tmut/Erth      ###.....     22%         4    ####...
c - Lee's Rapid Deconstr  Erth           ###.......   26%         5    ######.
f - Stone Arrow           Conj/Erth      ###...       8%          3    ###....
w - Passwall              Tmut/Erth      ###.....     3%          2    ##.....

Your spell library contained the following spells:

 Spells                   Type           Power        Failure   Level  Hunger


Dungeon Overview and Level Annotations

Branches:
Dungeon (10/15)            Temple (0/1) D:7            Lair (0/6) D:10
  Sewer (visited)
    Orc: D:9-12

Altars:
Ashenzari
Cheibriados
Dithmenos
Elyvilon
Gozag
Nemelex Xobeh
Okawaru
Qazlal
Trog
Uskayaw
Xom
Yredelemnul
Zin
The Shining One

Shops:
D:10 (


Innate Abilities, Weirdness & Mutations

You are too large for most types of armour.
You have claws for hands.
Your metabolism is lightning-fast.
You like to eat raw meat.
Your natural rate of healing is unusually fast.
You are covered in fur. (AC +1)
You have extremely tough skin. (AC +3)


Message History

You scratch the queen bee.
The queen bee is lightly wounded.
You feel sick.
You hear an angry buzzing noise.
The queen bee closely misses you.
You scratch the queen bee.
The queen bee is moderately wounded.
The queen bee stings you.
* * * LOW HITPOINT WARNING * * *
You scratch the queen bee.
The queen bee is moderately wounded.
You feel sick.
You claw the queen bee!
The queen bee is heavily wounded.
The queen bee stings you!
* * * LOW HITPOINT WARNING * * *
You mangle the queen bee!!
You kill the queen bee!
Something hits you!
You die...

####....###
##.....#
###.###.#
#...# #.#
#.#.###.#
#.#.....#
#.#######
#########.#
#.yy{@..#.#
.....#####.#.#
... #.#.# .
#...# #.###
..#####.#
#......)#
....##### ##


You could see 2 killer bees.

Vanquished Creatures
  2 two-headed ogres
  Erica (D:8)
  An unseen horror (D:10)
  Pikel (D:5)
  An ugly thing (D:6)
  A centaur zombie (D:10)
  A queen bee (D:10)
  Grinder (D:5)
  A troll (D:9)
  Prince Ribbit (D:8)
  3 yaks (D:10)
  A hungry ghost (D:10)
  Grum (D:9)
  Menkaure (D:5)
  3 orc warriors (D:9)
  2 ice beasts
  2 sky beasts
  3 slaves (D:5)
  4 ogres
  5 centaurs
  2 wolves (D:9)
  7 bullfrogs
  A water moccasin skeleton (D:4)
  4 scorpions
  13 killer bees
  4 wights (D:9)
  8 howler monkeys (D:8)
  4 crimson imps
  5 hounds
  4 jellies
  2 centaur skeletons
  Crazy Yiuf (D:7)
  3 orc priests
  3 gnoll shamans
  4 orc wizards
  2 bullfrog skeletons
  Jessica (D:3)
  5 worker ants
  A hound zombie (D:8)
  A hound skeleton (D:4)
  28 gnolls
  22 adders
  7 river rats (Sewer)
  3 shadow imps
  3 oozes
  An adder skeleton (D:9)
  An adder zombie (D:6)
  5 worms
  A dart slug (D:1)
  10 leopard geckos
  22 orcs
  15 ball pythons
  6 giant cockroaches
  10 goblins
  10 hobgoblins
  12 jackals
  7 quokkas
  10 bats
  9 frilled lizards
  8 kobolds
  2 leopard gecko skeletons
  2 quokka skeletons
  A quokka zombie (D:6)
  23 rats
329 creatures vanquished.

Notes
Turn   | Place    | Note
-------+----------+-------------------------------------------
     0 | D:1      | MordorOrchid the Troll Earth Elementalist began the quest
                  | for the Orb.
     0 | D:1      | Reached XP level 1. HP: 16/16 MP: 1/1
   100 | D:1      | Reached XP level 2. HP: 16/24 MP: 0/2
   186 | D:1      | Learned a level 2 spell: Passwall
   334 | D:1      | Reached XP level 3. HP: 32/32 MP: 2/4
   746 | D:2      | Found a bloodstained altar of Trog.
   816 | D:2      | Reached skill level 1 in Unarmed Combat
   906 | D:2      | Reached skill level 1 in Transmutations
   906 | D:2      | Reached XP level 4. HP: 33/40 MP: 3/5
   968 | D:2      | Reached skill level 1 in Fighting
  1289 | D:2      | Learned a level 3 spell: Stone Arrow
  1457 | D:3      | Reached XP level 5. HP: 45/48 MP: 0/6
  1483 | D:3      | Noticed Jessica
  1515 | D:3      | Killed Jessica
  1517 | D:3      | Noticed a centaur
  1770 | D:3      | HP: 2/48 [centaur (5)]
  1771 | D:3      | Killed a centaur
  1771 | D:3      | Reached XP level 6. HP: 2/55 MP: 0/8
  2014 | D:3      | Found a hide-covered altar of Uskayaw.
  2072 | D:3      | Found a shimmering altar of Xom.
  2072 | D:3      | Found an iron altar of Okawaru.
  2533 | D:4      | Noticed an ice beast
  2542 | D:4      | Killed an ice beast
  2542 | D:4      | Reached XP level 7. HP: 65/65 MP: 7/9
  2770 | D:4      | Found a sparkling altar of Nemelex Xobeh.
  2788 | D:4      | Reached skill level 5 in Unarmed Combat
  2964 | D:4      | Found a shadowy altar of Dithmenos.
  3118 | D:4      | Learned a level 4 spell: Petrify
  3149 | D:5      | Entered Level 5 of the Dungeon
  3338 | D:5      | Noticed Menkaure
  3410 | D:5      | Killed Menkaure
  3410 | D:5      | Reached XP level 8. HP: 72/72 MP: 10/10
  3437 | D:5      | Found a stormy altar of Qazlal.
  3475 | D:5      | Found a shattered altar of Ashenzari.
  3509 | D:5      | Noticed Pikel
  3517 | D:5      | Killed Pikel
  3517 | D:5      | Reached skill level 1 in Conjurations
  3556 | D:5      | Became a worshipper of Ashenzari the Shackled
  3769 | D:5      | Found a basalt altar of Yredelemnul.
  3769 | D:5      | Noticed Grinder
  3778 | D:5      | Killed Grinder
  3973 | D:5      | Reached XP level 9. HP: 79/79 MP: 9/12
  4223 | D:6      | Found a glowing silver altar of Zin.
  4224 | D:6      | Found a glowing golden altar of the Shining One.
  4225 | D:6      | Found a white marble altar of Elyvilon.
  4239 | D:6      | Found a glowing drain.
  4270 | Sewer    | Entered a sewer
  4389 | Sewer    | Reached skill level 5 in Earth Magic
  4721 | D:6      | Reached skill level 1 in Throwing
  4793 | D:6      | Noticed a purple ugly thing
  4805 | D:6      | Killed a purple ugly thing
  4805 | D:6      | Reached skill level 5 in Dodging
  4920 | D:6      | Found an opulent altar of Gozag.
  5320 | D:7      | Found a runed translucent door.
  5321 | D:7      | Noticed Crazy Yiuf
  5330 | D:7      | Killed Crazy Yiuf
  5443 | D:7      | Reached skill level 1 in Evocations
  5688 | D:7      | Found a staircase to the Ecumenical Temple.
  5738 | D:7      | Reached XP level 10. HP: 91/91 MP: 14/14
  5800 | D:8      | Noticed a two-headed ogre
  5870 | D:8      | Found a snail-covered altar of Cheibriados.
  6125 | D:8      | Killed a two-headed ogre
  6228 | D:8      | Reached * piety under Ashenzari
  6716 | D:9      | Noticed Erica
  6743 | D:9      | Noticed Prince Ribbit
  6852 | D:8      | Killed Prince Ribbit
  7099 | D:8      | Learned a level 5 spell: Lee's Rapid Deconstruction
  7116 | D:8      | Killed Erica
  7116 | D:8      | Reached skill level 1 in Armour
  7439 | D:9      | Noticed Grum
  7456 | D:9      | Killed Grum
  7698 | D:10     | Entered Level 10 of the Dungeon
  7804 | D:10     | Reached XP level 11. HP: 80/100 MP: 16/16
  7822 | D:10     | Found Zurghuat's Weapon Emporium.
  7842 | D:10     | Killed an unseen horror
  8099 | D:10     | Found a staircase to the Lair.
  8128 | D:10     | Noticed a two-headed ogre
  8139 | D:10     | Killed a two-headed ogre
  8256 | D:10     | HP: 6/150 [queen bee (16)]
  8257 | D:10     | Slain by an unseen horror

Levels and vault maps discovered:
D:1:      sevenhm_arrival_forest_fort_small_6, layout_basic, minmay_octomino_e4
D:2:      layout_loops_cross, nicolae_overflow_crystal_walls
D:3:      kennysheep_the_goblin_king, layout_loops_cross, lemuel_doored_altar,
          gammafunk_temple_overflow_wave, minmay_misc_feat_square,
          minmay_misc_feat_iff, minmay_checkerbox, uniq_jessica
D:4:      layout_cave_pools, nemelex_xobeh_ov_fountains_minmay,
          grunt_dithmenos_smoke_and_mirrors, grunt_ministairs_13,
          solitary_fountain, minmay_joined_circles
D:5:      layout_basic, lemuel_crystal_altar, old_standard_altar, first_ration,
          hangedman_abyss_or_decor_slice, yredelemnul_altar_generic,
          uniq_grinder, uniq_menkaure, uniq_pikel
D:6:      layout_rooms, good_gods_temple_1, lemuel_coloured_pillars_altar,
          portal_sewer_entry_f
D:7:      layout_basic, minmay_temple_entry_butterflies, uniq_crazy_yiuf_cottage
D:8:      layout_loops_corners, lemuel_crystal_altar
D:9:      layout_basic, uniq_erica, uniq_prince_ribbit1, uniq_grum
D:10:     layout_loops_cross, dpeg_oklobed_lair, special_room
          [special_room_bee], david_nohive_1, minmay_shop_grid_forest

Skill      XL: |  1  2  3  4  5  6  7  8  9 10 11 |
---------------+----------------------------------+-----
Earth Magic    | 3 4 5 6 7 |  7.1
Dodging        | 2 3 4 5 6 |  6.4
Unarmed Combat | 1 3 4 5 7 |  7.0
Transmutations | 1 2 3 |  3.0
Fighting       | 1 2 3 4 |  4.0
Spellcasting   | 2 3 4 |  4.9
Conjurations   | 2 |  2.2
Throwing       | 2 4 |  4.1
Evocations     | 1 2 3 |  3.3
Armour         | 1 2 |  2.5
Stealth        | |  1.0

Action                   |  1- 3 |  4- 6 |  7- 9 | 10-12 || total
-------------------------+-------+-------+-------+-------++-------
Melee: Unarmed           |    89 |   119 |   348 |   329 ||   885
       Flail             |       |     7 |       |       ||     7
       Punch             |       |     1 |     7 |     4 ||    12
Throw: Dart              |       |    22 |    40 |     9 ||    71
       Boomerang         |       |       |       |    12 ||    12
       Large rock        |       |       |       |     7 ||     7
 Cast: Sandblast         |    28 |    52 |    61 |    13 ||   154
       Passwall          |     2 |       |       |       ||     2
       Stone Arrow       |       |     2 |     4 |    12 ||    18
 Abil: Evoke Berserk Rag |       |     1 |     7 |     5 ||    13
Evoke: Wand              |       |     1 |       |     5 ||     6
  Use: Scroll            |     1 |     5 |     8 |     2 ||    16
       Potion            |       |     2 |     1 |     2 ||     5
 Stab: Sleeping          |     7 |     4 |     2 |       ||    13
       Invisible         |       |     2 |       |       ||     2
  Eat: Chunk             |    15 |    17 |    40 |    21 ||    93
       Ration            |       |       |       |     2 ||     2
Armor: Robe              |    43 |    48 |   104 |    85 ||   280
       Skin              |       |       |    38 |       ||    38
Dodge: Dodged            |    46 |    66 |   165 |   160 ||   437

Table legend:
 A = Non-vault XP
 B = Vault XP
 C = Vault XP percentage of total XP
 D = Non-vault monster count
 E = Vault monster count
 F = Vault count percentage of total count
                 A         B        C        D         E       F
            +---------+---------+-------+---------+---------+-------
      Total |   10538 |    4044 |  27.7 |     238 |      88 |  27.0
            +---------+---------+-------+---------+---------+-------
        D:1 |      50 |       7 |  12.3 |      28 |       3 |   9.7
        D:2 |     123 |       4 |   3.1 |      28 |       2 |   6.7
        D:3 |     291 |      67 |  18.7 |      27 |      10 |  27.0
        D:4 |     482 |     364 |  43.0 |      21 |       9 |  30.0
        D:5 |     412 |    1062 |  72.0 |      14 |       3 |  17.6
        D:6 |    1278 |       7 |   0.5 |      22 |       3 |  12.0
        D:7 |     975 |      41 |   4.0 |      18 |       1 |   5.3
        D:8 |    1871 |    1189 |  38.9 |      27 |       2 |   6.9
        D:9 |    1444 |     412 |  22.2 |      33 |       3 |   8.3
       D:10 |    3612 |     497 |  12.1 |      20 |       4 |  16.7
      Sewer |       0 |     394 | 100.0 |       0 |      48 | 100.0
            +---------+---------+-------+---------+---------+-------
